 Dungeon Crawl Stone Soup version 0.28.0-53-g5a82cb258f (webtiles) character file.

Game seed: 15770178541383876266

215 Peloso the Covered (level 5, -1/47 HPs)
             Began as a Minotaur Fighter on July 16, 2022.
             Succumbed to a scorpion's poison
             ... on level 3 of the Dungeon.
             The game lasted 00:05:52 (2741 turns).

Peloso the Covered (Minotaur Fighter)               Turns: 2741, Time: 00:05:52

Health: -1/47      AC: 10    Str: 23    XL:     5   Next: 60%
Magic:  4/4        EV:  9    Int: 10    God:
Gold:   101        SH:  5    Dex: 11    Spells: 4/4 levels left

rFire   . . .      SeeInvis .   a - +0 long sword
rCold   . . .      Faith    .   k - +0 buckler
rNeg    . . .      Spirit   .   b - +0 scale mail
rPois   .          Reflect  .   h - +1 hat
rElec   .          Harm     .   (no cloak)
rCorr   .          Rampage  .   q - +0 pair of gloves
Will    .....                   j - +0 pair of boots
Stlth   ..........              (no amulet)
HPRegen 0.15/turn               m - ring of Qaril {Fly Str+2 Int+5}
MPRegen 0.09/turn               (no ring)

@: lethally poisoned (-1 -> -17), about to teleport, weak-willed, flying
A: horns 2, retaliatory headbutt
a: no special abilities


You were on level 3 of the Dungeon.
You visited 1 branch of the dungeon, and saw 3 of its levels.

You collected 101 gold pieces.

Inventory:

Hand Weapons
 a - a +0 long sword (weapon)
 c - a +2 hunting sling of flaming
Missiles
 o - 5 sling bullets
Armour
 b - a +0 scale mail (worn)
 h - a +1 hat (worn)
 j - a +0 pair of boots (worn)
 k - a +0 buckler (worn)
 q - a +0 pair of gloves (worn)
Jewellery
 e - a +4 ring of protection
 g - an amulet of magic regeneration
 m - the ring of Qaril (left hand) {Fly Str+2 Int+5}
   (You found it on level 2 of the Dungeon)

   [ring of flight]

   Str:       It affects your strength (+2).
   Int:       It affects your intelligence (+5).
   Fly:       It grants you flight.
 n - an amulet of faith
Scrolls
 l - 3 scrolls of identify {unknown}
 p - a scroll of magic mapping {unknown}
 r - a scroll of fear {unknown}
 s - a scroll of amnesia {unknown}
Potions
 d - a potion of might


   Skills:
 + Level 4.3 Fighting
 + Level 4.1 Long Blades
 + Level 1.7 Slings
 + Level 5.0 Armour
 + Level 1.1 Dodging
 + Level 4.4 Shields


You had 4 spell levels left.
You didn't know any spells.
Your spell library contained the following spells:

 Spells                   Type           Power      Damage    Failure   Level
 Beastly Appendage        Tmut           0%         N/A       75%         1
 Slow                     Hex            0%         N/A       75%         1
 Wereblood                Tmut           0%         N/A       87%         2
 Confusing Touch          Hex            0%         N/A       98%         3
 Spider Form              Tmut/Pois      0%         N/A       98%         3
 Vampiric Draining        Necr           0%         2d6       98%         3


Dungeon Overview and Level Annotations

Branches:
Dungeon (3/15)

Altars:


Innate Abilities, Weirdness & Mutations

You have a pair of horns on your head.
You reflexively headbutt those who attack you in melee.


Message History

The scorpion stings you.
You are poisoned.
The scorpion poisons you! The scorpion stings you.
Fire: 6 sling bullets
Press: ? - help, Q - select action Shift-Dir - straight line, f/p - scorpion
Aim: a scorpion (severely wounded, 60% to hit)
You shoot a sling bullet.
The sling bullet completely misses the scorpion.
You feel very sick.
The scorpion stings you but does no damage. x2
Your +2 hunting sling of flaming stops flaming.
a - a +0 long sword (weapon)
You feel sick.
You barely miss the scorpion.
The scorpion is severely wounded.
You feel very sick. The scorpion barely misses you. The scorpion stings you.
You are lethally poisoned!
The scorpion poisons you!
You hit the scorpion but do no damage.
The scorpion is severely wounded.
You feel very sick. The scorpion stings you.
* * * LOW HITPOINT WARNING * * *
You are more poisoned.
The scorpion poisons you!
Okay, then.
You closely miss the scorpion. You headbutt the scorpion.
You kill the scorpion!
* * * LOW HITPOINT WARNING * * *
You feel very sick.
Your Armour skill increases to level 5!
Unknown command.
As you read the scroll labelled KIBRIOTOYSH, it crumbles to dust.
Magic quickly surges around you.
It was a scroll of vulnerability.
* * * LOW HITPOINT WARNING * * *
You feel very sick.
As you read the scroll labelled KUEDDENULA, it crumbles to dust.
You feel strangely unstable.
It was a scroll of teleportation.
You die...

.##.##.# #..#....#####...........
.##.##.# #..#...(...............#
.##.##.# #..#....#####...........
.......###..#....#...............
.##.#.......#.....(..............
....+.......#.#..#.###.#.....#.##
###.#.......#.#.............[....
#.######..#.#.†#.###.#.........
..............@..............).
#########.#.#..#.###.#...#...##
..........................>##
##.................#...#.....
######................#..###
#.#...###....##..#.....
#.#..............†.....
#............##..#.....
#.##..######.##..#..###


There were no monsters in sight!

Vanquished Creatures
  A scorpion (D:3)
  Jessica (D:2)
  An iguana (D:3)
  A hound skeleton (D:3)
  3 adders
  2 worms (D:2)
  A dart slug (D:2)
  10 ball pythons
  2 endoplasms (D:1)
  A giant cockroach (D:2)
  6 goblins
  8 hobgoblins
  4 quokkas
  5 bats
  6 frilled lizards
  8 kobolds
  6 rats
66 creatures vanquished.

Notes
Turn   | Place    | Note
-------+----------+-------------------------------------------
     0 | D:1      | Peloso the Minotaur Fighter began the quest for the Orb.
     0 | D:1      | Reached XP level 1. HP: 19/19 MP: 0/0
   133 | D:1      | Reached XP level 2. HP: 23/27 MP: 1/1
   685 | D:1      | Reached skill level 4 in Armour
   826 | D:1      | Reached XP level 3. HP: 33/33 MP: 2/2
  1217 | D:2      | Noticed Jessica
  1226 | D:2      | Killed Jessica
  1391 | D:2      | Reached XP level 4. HP: 37/40 MP: 3/3
  1398 | D:2      | Identified the ring of Qaril {Fly Str+2 Int+5}
  2002 | D:2      | Found a faded altar of an unknown god.
  2428 | D:3      | Reached XP level 5. HP: 46/46 MP: 4/4
  2446 | D:3      | Reached skill level 1 in Dodging
  2649 | D:3      | Reached skill level 1 in Slings
  2740 | D:3      | Reached skill level 5 in Armour
  2740 | D:3      | HP: 1/47 [poisoned by a scorpion]
  2741 | D:3      | Succumbed to a scorpion's poison

Illustrated notes

Levels and vault maps discovered:
D:1:      dpeg_arrival_round_a, layout_basic
D:2:      layout_basic, basic_ecumenical_altar, st_stairs_2, minmay_octomino_j4,
          uniq_jessica
D:3:      layout_basic

Skill      XL: |  1  2  3  4  5 |
---------------+----------------+-----
Shields        | 4 |  4.4
Fighting       | 4 |  4.3
Armour         | 4 5 |  5.0
Long Blades    | 3 4 |  4.1
Dodging        | 1 |  1.1
Slings         | 1 |  1.7

Action                   |  1- 3 |  4- 6 || total
-------------------------+-------+-------++-------
Melee: Long sword        |    78 |    23 ||   101
       Headbutt          |    14 |     3 ||    17
 Fire: Hunting sling     |       |    40 ||    40
  Use: Scroll            |       |     2 ||     2
Armor: Scale mail        |    39 |    11 ||    50
Dodge: Dodged            |    49 |    18 ||    67
Block: Buckler           |    22 |     5 ||    27
